 Dungeon Crawl Stone Soup version 0.29.1-15-g9cfb28693d (webtiles) character file.

Game seed: 10802565363494015023

95 ChiefBigBeans the Chopper (level 4, -2/41 HPs)
             Began as a Hill Orc Berserker on Feb 23, 2023.
             Was a Believer of Trog.
             Slain by an orc warrior
             ... wielding a +0 mace
              (8 damage)
             ... on level 6 of the Dungeon.
             The game lasted 00:10:37 (2239 turns).

ChiefBigBeans the Chopper (Hill Orc Berserker)      Turns: 2239, Time: 00:10:37

Health: -2/41      AC: 16    Str: 16 (19) XL:     4   Next: 65%
Magic:  4/4        EV:  5    Int:  5 (7)  God:    Trog [**....]
Gold:   146        SH:  0    Dex:  7 (10) Spells: 3/3 levels left

rFire   . . .      SeeInvis .   c - +0 mace (vorpal)
rCold   . . .      Faith    .   (no shield)
rNeg    . . .      Spirit   .   k - +0 plate armour
rPois   .          Reflect  .   q - +0 helmet
rElec   .          Harm     .   e - +0 cloak
rCorr   .          Rampage  .   (no gloves)
Will    ++...                   a - +1 pair of boots
Stlth   ..........              (no amulet)
HPRegen 1.13/turn               (no ring)
MPRegen 0.09/turn               (no ring)

@: strong-willed, regenerating
A: weak 1
a: Renounce Religion, Berserk, Trog's Hand


You were on level 6 of the Dungeon.
You worshipped Trog.
Trog was pleased with you.
You visited 1 branch of the dungeon, and saw 4 of its levels.

You collected 146 gold pieces.

Inventory:

Hand Weapons
 c - a +0 vorpal mace (weapon)
Armour
 a - a +1 pair of boots (worn)
 e - a +0 cloak (worn)
 k - a +0 plate armour (worn)
 q - a +0 helmet (worn)
Magical Staves
 h - a staff of conjuration
Scrolls
 o - 2 scrolls of fear
Potions
 b - 2 potions of berserk rage {unknown}
 f - 3 potions of mutation


   Skills:
 + Level 4.7 Fighting
 + Level 5.0(5.1) Axes
 - Level 0.5(2.6) Maces & Flails
 + Level 3.4 Armour
 - Level 1.5 Dodging


You had 3 spell levels left.
You didn't know any spells.
Your spell library was empty.

Dungeon Overview and Level Annotations

Branches:
Dungeon (3/15)

Altars:


Innate Abilities, Weirdness & Mutations

You are weak. (Str -2)


Message History

The orc wizard hits you but does no damage.
A centaur comes into view.
The centaur wields a +0 shortbow of freezing.
It is covered in frost.
The centaur shoots an arrow.
The arrow completely misses you.
The centaur shoots an arrow.
The arrow hits you! The arrow freezes you.
The centaur shoots an arrow.
The arrow hits you. The arrow freezes you.
The centaur shoots an arrow.
The arrow hits you but does no damage.
The centaur shoots an arrow.
The arrow hits you. The arrow freezes you.
The orc wizard attacks as you move away!
The orc wizard hits you but does no damage.
Found a scroll of identify.
The centaur shoots an arrow.
The arrow hits you but does no damage.
An orc comes into view. It is wielding a +0 club.
Okay, then.
The orc wizard gestures wildly while chanting.
The orc wizard flickers and vanishes!
Deactivating autopickup; reactivate with Ctrl-A.
The orc attacks as you move away! The orc hits you but does no damage.
The orc attacks as you move away! The orc hits you but does no damage.
The orc attacks as you move away! The orc hits you but does no damage.
The orc attacks as you move away! The orc hits you but does no damage.
Your hearing returns.
The orc hits you but does no damage.
The orc warrior attacks as you move away!
The orc warrior hits you with a +0 mace!
The orc warrior attacks as you move away!
The orc warrior closely misses you.
The orc warrior attacks as you move away!
The orc warrior hits you with a +0 mace!
* * * LOW HITPOINT WARNING * * *
Found 2 scrolls of fear.
The orc warrior attacks as you move away!
The orc warrior hits you with a +0 mace.
* * * LOW HITPOINT WARNING * * *
Okay, then.
Your skin crawls.
You feel strong-willed.
The orc warrior hits you with a +0 mace!
You die...

#.#####...#
#.o.......#
#######.c.#
##o## #.#
#.# #.# #o#
#@# #.# #.#
#.# ... ...
?.. .....


You could see an orc warrior, a centaur and an orc.

Vanquished Creatures
  Robin (D:2)
  3 adders
  A worm (D:3)
  2 dart slugs (D:1)
  A ball python (D:1)
  2 endoplasms
  A giant cockroach (D:1)
  14 goblins
  5 hobgoblins
  A quokka (D:2)
  8 bats
  2 frilled lizards (D:1)
  3 kobolds (D:1)
  5 rats
49 creatures vanquished.

Vanquished Creatures (others)
  A fungus (D:2)
  4 plants (D:2)
5 creatures vanquished.

Grand Total: 54 creatures vanquished

Notes
Turn   | Place    | Note
-------+----------+-------------------------------------------
     0 | D:1      | ChiefBigBeans the Hill Orc Berserker began the quest for
                  | the Orb.
     0 | D:1      | Reached XP level 1. HP: 19/19 MP: 1/1
   315 | D:1      | Reached XP level 2. HP: 17/27 MP: 2/2
   635 | D:1      | Reached XP level 3. HP: 20/33 MP: 3/3
   741 | D:1      | Reached ** piety under Trog
  1453 | D:2      | Found a faded altar of an unknown god.
  1454 | D:2      | Noticed Robin
  1476 | D:2      | Killed Robin
  1477 | D:2      | Reached XP level 4. HP: 41/41 MP: 4/4
  1587 | D:2      | Gained mutation: You are weak. (Str -2) [potion of
                  | mutation]
  2152 | D:3      | Reached skill level 5 in Axes
  2198 | D:3      | You fall into a shaft and drop 3 floors!
  2199 | D:6      | Noticed an orc warrior
  2203 | D:6      | Noticed a centaur
  2239 | D:6      | Slain by an orc warrior

Illustrated notes

Levels and vault maps discovered:
D:1:      dpeg_arrival_windows_large_door, layout_rooms, supply_closet_lemuel,
          minmay_3d_cube
D:2:      layout_basic, dreamdust_ecumenical_altar_grove, uniq_robin
D:3:      layout_basic, serial_shops, nicolae_shop_crystal,
          gammafunk_ghost_arena, gup_sewer_entry_bubbles, nicolae_titane
D:6:      layout_loops_ring, cheibrodos_worm_habitat,
          nicolae_overflow_hidden_temple, kennysheep_generic_room_3

Skill      XL: |  1  2  3  4 |
---------------+-------------+-----
Fighting       | 4 |  4.7
Armour         | 3 |  3.4
Axes           | 5 |  5.0
Maces & Flails | |  0.5
Dodging        | |  1.5

Action                   |  1- 3 |  4- 6 || total
-------------------------+-------+-------++-------
Melee: Hand axe          |    21 |       ||    21
       Mace              |    81 |    37 ||   118
       Punch             |     1 |     1 ||     2
Invok: Berserk           |     1 |       ||     1
       Trog's Hand       |       |     2 ||     2
  Use: Scroll            |     2 |     4 ||     6
       Potion            |       |     6 ||     6
Armor: Animal skin       |    28 |       ||    28
       Plate armour      |    40 |    61 ||   101
Dodge: Dodged            |    80 |    36 ||   116
